 Dungeon Crawl Stone Soup version 0.26.0-15-gc6cd9f7 (webtiles) character file.

Game seed: 16081606226015518529

51 MercyWheel the Changer (level 3, -1/23 HPs)
             Began as an Octopode Transmuter on Jan 23, 2021.
             Slain by an orc wizard
             ... wielding a +0 dagger
              (3 damage)
             ... on level 2 of the Dungeon.
             The game lasted 00:02:34 (818 turns).

MercyWheel the Changer (Octopode Transmuter)         Turns: 818, Time: 00:02:34

Health: -1/23      AC:  1    Str:  6 (9)  XL:     3   Next: 83%
Magic:  6/6        EV: 13    Int: 14 (15) God:
Gold:   79         SH:  0    Dex: 12 (13) Spells: 0/6 levels left

rFire    . . .     SeeInvis .     - Unarmed
rCold    . . .     Faith    .   (no shield)
rNeg     . . .     Spirit   .   (helmet currently unavailable)
rPois    .         Reflect  .   (no amulet)
rElec    .         Harm     .   (no ring)
rCorr    .         Rampage  .   (no ring)
Will     .....                  (no ring)
Stlth    ++........             (no ring)
HPRegen  0.07/turn              (no ring)
MPRegen  0.10/turn              (no ring)
                                (no ring)
                                (no ring)

@: mighty, brilliant, lethally poisoned (-1 -> -7), appendages, wereblooded
A: almost no armour, stealthy swim, amphibious, 8 rings, constrict 8, tentacle
spike 3, camouflage 1, gelatinous body 1
a: End Transformation


You were on level 2 of the Dungeon.
One of your tentacles had a temporary spike.
You visited 1 branch of the dungeon, and saw 2 of its levels.

You collected 79 gold pieces.

Inventory:

Missiles
 b - 4 boomerangs
Scrolls
 a - a scroll of amnesia {unknown}
 d - a scroll of blinking {unknown}
 e - 2 scrolls of enchant armour {unknown}
 h - a scroll of identify {unknown}
 j - a scroll of remove curse {unknown}


   Skills:
 - Level 1.0 Fighting
 - Level 2.0 Dodging
 - Level 3.0 Unarmed Combat
 - Level 2.0 Spellcasting
 + Level 4.0 Transmutations


You couldn't memorise any spells.
You knew the following spells:

 Your Spells              Type           Power        Failure   Level
a - Beastly Appendage     Tmut           38%          4%          1
b - Wereblood             Tmut           19%          7%          2
c - Spider Form           Tmut/Pois      5%           30%         3

Your spell library contained the following spells:

 Spells                   Type           Power        Failure   Level
 Ice Form                 Ice/Tmut       10%          71%         4
 Blade Hands              Tmut           9%           77%         5


Dungeon Overview and Level Annotations

Branches:
Dungeon (2/15)

Altars:
Wu Jian


Innate Abilities, Weirdness & Mutations

You cannot wear most types of armour.
You are very stealthy in the water. (Stealth+)
You are amphibious.
You can wear up to eight rings at the same time.
You can use your tentacles to constrict eight enemies at once.
Your skin changes colour to match your surroundings (Stealth+).
Your rubbery body absorbs attacks. (AC +1, EV +1)
One of your tentacles bears a large vicious spike.


Message History

You constrict the adder.
* * * LOW HITPOINT WARNING * * *
You feel sick. The adder completely misses you. The orc misses you.
You tentacle-slap the adder.
You kill the adder!
The orc hits you but does no damage.
Your Transmutations skill increases to level 4!
You tentacle-slap the orc. You grab the orc.
You pierce the orc.
You kill the orc!
* * * LOW HITPOINT WARNING * * *
You feel sick. Something hits you.
* * * LOW HITPOINT WARNING * * *
It was a potion of might.
You feel very mighty all of a sudden. Something hits you.
* * * LOW HITPOINT WARNING * * *
You tentacle-slap something.
You howl as the wereblood boils in your veins!
Something hits you.
You die...

#..#.##.##
#..#.##.## .....
#..#.#...###.....
#..........>.....
#.##.#†..###. ...
#.#...#)####. #S#
..#.#........ #o# #
#.#.####### #{#.#
..#....######@#.###
#######...##...)...#
#.......#.#.#......
#.##.###..#.###.###
#....###....# #
..##...)..###
#..###......#
####........#
#§###.....##


You could see an adder and an orc.

Vanquished Creatures
  An adder (D:2)
  3 dart slugs (D:1)
  A leopard gecko (D:1)
  3 orcs (D:2)
  2 bats (D:1)
  5 giant cockroaches (D:1)
  3 goblins (D:1)
  2 hobgoblins (D:1)
  3 jackals (D:1)
  A ball python (D:1)
  A frilled lizard (D:2)
  2 kobolds
  2 rats
29 creatures vanquished.

Notes
Turn   | Place    | Note
-------+----------+-------------------------------------------
     0 | D:1      | MercyWheel the Octopode Transmuter began the quest for the
                  | Orb.
     0 | D:1      | Reached XP level 1. HP: 13/13 MP: 3/3
    90 | D:1      | Reached XP level 2. HP: 11/18 MP: 3/5
   102 | D:1      | Reached skill level 3 in Transmutations
   108 | D:1      | Learned a level 2 spell: Wereblood
   407 | D:1      | Reached XP level 3. HP: 15/23 MP: 2/6
   688 | D:2      | Learned a level 3 spell: Spider Form
   774 | D:2      | Found an ornate altar of the Wu Jian Council.
   816 | D:2      | Reached skill level 4 in Transmutations
   818 | D:2      | Slain by an orc wizard

Illustrated notes

Levels and vault maps discovered:
D:1:      shiori_arrival_oz, layout_rooms
D:2:      layout_loops_ring, pdpol_wu_jian_five_deadly_venoms,
          chequers_ecumenical_altar_lobes, uniq_jessica

Skill      XL: |  1  2  3 |
---------------+----------+-----
Transmutations | 3 4 |  4.0
Fighting       | |  1.0
Dodging        | |  2.0
Unarmed Combat | |  3.0
Spellcasting   | |  2.0

Action                   || total
-------------------------++-------
Melee: Unarmed           ||    59
       Tentacles         ||     9
       Constrict         ||    23
       Kick              ||    14
       Punch             ||     4
 Cast: Beastly Appendage ||     9
       Wereblood         ||     3
  Use: Potion            ||     5
 Stab: Sleeping          ||     1
Armor: Skin              ||     3
Dodge: Dodged            ||    36
